 Dungeon Crawl Stone Soup version 0.32-a0-172-gc5dd13f2a7 (webtiles) character file.

Game seed: 16979223790969858209

119 Firecrotchwizard the Ruffian (level 5, -5/26 HPs)
             Began as a Vine Stalker Shapeshifter on Feb 13, 2024.
             Killed by divine providence
             ... invoked by an orc priest
              (9 damage)
             ... on level 4 of the Dungeon.
             The game lasted 00:05:12 (1622 turns).

Firecrotchwizard the Ruffian (VSSh)                 Turns: 1622, Time: 00:05:12

Health: -5/26      AC:  6    Str: 19    XL:     5   Next: 3%
Magic:  0/6        EV: 10    Int: 10    God:
Gold:   115        SH:  0    Dex: 13    Spells: 4/4 levels left

rFire   . .          .
                       - Unarmed
rCold   . . .        (no shield)
rNeg    . . .        e - +0 scale mail
rPois   .            (helmet currently unavailable)
rElec   .            (cloak currently unavailable)
rCorr   .            (gloves currently unavailable)
SInv    .            (boots currently unavailable)
Will    .....        (no amulet) Stlth
                     (no ring)
HPRegen 1.04/turn    (no ring)
MPRegen 0.10/turn

%: guardian spirit
@: beast-form
A: beast (slay +2), fangs 2, regeneration 1, magic shield, antimagic bite, no
potion heal 2
a: Begin Untransformation


You were on level 4 of the Dungeon.
You were a hulking beast.
You visited 1 branch of the dungeon, and saw 4 of its levels.

You collected 115 gold pieces.

Inventory:

Armour
 a - a +0 animal skin
 e - a +0 scale mail (worn)
Talismans
 c - a beast talisman (active)
 d - a flux talisman
Scrolls
 g - a scroll of vulnerability {unknown}
 j - a scroll of identify {unknown}
 k - a scroll of enchant weapon {unknown}
 l - a scroll of teleportation {unknown}
 m - a scroll of immolation {unknown}
 n - a scroll of revelation {unknown}
Potions
 b - a potion of lignification
 f - 3 potions of attraction {unknown}
 h - a potion of resistance {unknown}
 i - a potion of haste {unknown}
 o - a potion of degeneration {unknown}


   Skills:
 + Level 2.1 Fighting
 - Level 1.5 Dodging
 * Level 4.4 Unarmed Combat
 + Level 3.6 Shapeshifting


You had 4 spell levels left.
You didn't know any spells.
Your spell library contained the following spells:

 Spells                   Type           Power      Damage    Failure   Level
 Summon Small Mammal      Summ           0%         N/A       77%         1
 Call Canine Familiar     Summ           0%         N/A       98%         3
 Inner Flame              Hex/Fire       0%         N/A       98%         3
 Summon Blazeheart Golem  Fire/Summ      0%         N/A       100%        4
 Alistair's Intoxication  Alch           0%         N/A       100%        5
 Borgnjor's Vile Clutch   Necr/Erth      0%         N/A       100%        5
 Irradiate                Conj/Alch      0%         3d11      100%        5
 Eringya's Noxious Bog    Alch           0%         4d6       100%        6
 Ignition                 Fire           0%         3d3       100%        8


Dungeon Overview and Level Annotations

Branches:
Dungeon (4/15)
 Temple: D:4-7

Altars:
Nemelex Xobeh

Annotations:
D:2 Sigmund


Innate Abilities, Weirdness & Mutations

You are a hulking beast.
Your limbs bulge with bestial killing power. (Slay +2)
You have extremely sharp teeth.
Your natural rate of healing is unusually fast.
When hurt, damage is shared between your health and your magic reserves.
Your bite disrupts and absorbs the magic of your enemies.
Potions cannot restore your health.


Message History

You punch the goblin!
You kill the goblin!
You see here a +0 dagger.
You hit the quokka. Your bite misses the quokka.
The quokka is almost dead.
The quokka bites you.
You hit the quokka.
You kill the quokka!
HP restored.
You see here a +0 mace.
You see here a +0 mace.
You see here a +0 dagger.
You see here 2 javelins.
A hobgoblin comes into view.
The hobgoblin shouts!
You hear a shout!
The hobgoblin moves out of view.
A kobold comes into view. It is wielding a +0 dagger.
The kobold shouts!
The hobgoblin hits you but does no damage.
You barely miss the hobgoblin. You bite the hobgoblin. You drain its power.
The hobgoblin is almost dead.
The hobgoblin barely misses you.
You hit the hobgoblin.
You kill the hobgoblin!
The kobold hits you but does no damage.
You hit the kobold. You bite the kobold. You drain its power.
The kobold is severely wounded.
The kobold hits you but does no damage.
You hit the kobold.
You kill the kobold!
No target in view!
You now have 115 gold pieces (gained 17).
You see here a +0 dagger.
Found a sparkling altar of Nemelex Xobeh.
You open the door.
There is an open door here.
Done exploring.
There is an open door here.
There is a stone staircase leading down here.
You climb downwards.
The adder hisses angrily.
Found a dagger.
There is a stone staircase leading up here.
An adder is nearby!
You barely miss the adder. The adder bites you.
You are poisoned.
The adder poisons you!
You miss the adder. You bite the adder. You drain its power.
The adder is heavily wounded.
You feel sick. The adder misses you.
You punch the adder!
You kill the adder!
You feel sick.
You have reached level 5!
You feel sick.
You feel sick.
You are no longer poisoned.
HP restored.
You see here a +0 dagger.
An orc priest comes into view. It is wielding a +0 short sword.
The orc priest shouts!
You see here an adder corpse.
An orc comes into view. It is wielding a +1 heavy flail.
The orc shouts!
An orc comes into view. It is wielding a +0 whip.
The orc priest misses you.
The orc shouts!
You hit the orc priest but do no damage.
The orc priest miscasts a cantrip.
You closely miss the orc priest.
You punch the orc priest, but do no damage.
You bite the orc priest. You drain its power.
The orc priest is heavily wounded.
The orc priest looks satisfied for a moment.
You hit the orc priest but do no damage.
Your punch misses the orc priest.
The orc priest is moderately wounded.
The orc hits you with a +1 heavy flail! The orc priest barely misses you.
You closely miss the orc priest. Your bite misses the orc priest.
The orc priest is moderately wounded.
You hit the orc priest.
The orc priest is severely wounded.
The orc hits you with a +1 heavy flail. The orc priest barely misses you.
You hit the orc priest but do no damage.
You bite the orc priest, but do no damage.
The orc priest is severely wounded.
The orc priest mumbles some strange prayers to Beogh against you.
Pain shoots through your body! The orc hits you with a +0 whip.
* * * LOW HITPOINT WARNING * * *
The orc hits you with a +1 heavy flail!
* * * LOW MAGIC WARNING * * *
* * * LOW HITPOINT WARNING * * *
Unknown command.
You completely miss the orc priest. You bite the orc priest.
You drain its power.
You feel invigorated.
The orc priest is almost dead.
The orc priest invokes the aid of Beogh against you.
Beogh smites you!
* * * LOW MAGIC WARNING * * *
You die...

## . ##.
#.. #.#
###.#
#.oo#
#.oh#
#...#
#...#
#..†####
##.#.<.#
#.)...#
#.#...#
#.#.......
#.#...#.##


You could see an orc priest and 2 orcs.

Vanquished Creatures
  6 adders
  A dart slug (D:3)
  2 ribbon worms
  3 orcs (D:3)
  6 ball pythons
  9 bats
  An endoplasm (D:2)
  3 giant cockroaches
  5 goblins
  6 hobgoblins
  7 kobolds
  A quokka (D:3)
  4 frilled lizards
  3 rats
57 creatures vanquished.

Notes
Turn   | Place    | Note
-------+----------+-------------------------------------------
     0 | D:1      | Firecrotchwizard the Vine Stalker Shapeshifter began the
                  | quest for the Orb.
     0 | D:1      | Reached XP level 1. HP: 9/9 MP: 2/2
    33 | D:1      | Reached skill level 1 in Fighting
    43 | D:1      | You fall into a shaft and drop 1 floor!
    85 | D:2      | Reached XP level 2. HP: 14/14 MP: 3/3
   268 | D:1      | Reached XP level 3. HP: 18/18 MP: 4/4
   781 | D:2      | Reached XP level 4. HP: 23/23 MP: 5/5
   786 | D:2      | Reached skill level 4 in Unarmed Combat
   928 | D:2      | Noticed Sigmund
  1504 | D:3      | Found a sparkling altar of Nemelex Xobeh.
  1603 | D:4      | Reached XP level 5. HP: 22/26 MP: 6/6
  1622 | D:4      | Killed from afar by an orc priest

Illustrated notes

Levels and vault maps discovered:
D:1:      ldierk_walled_garden, layout_rooms, minivault_25, minmay_pentomino_q2
D:2:      layout_basic, uniq_sigmund, uniq_robin
D:3:      layout_basic, marbit_many_paths
D:4:      layout_rooms, demons_altar, nicolae_tso_besieged_by_evil,
          biasface_ghost_orc_armoury, serial_shops, nicolae_shop_real_fake_doors

Skill      XL: |  1  2  3  4 |
---------------+-------------+-----
Fighting       | 1 2 |  2.1
Unarmed Combat | 4 |  4.4
Dodging        | |  1.5
Shapeshifting  | |  3.6

Action                     |  1- 3 |  4- 6 || total
---------------------------+-------+-------++-------
  Melee: Unarmed           |    52 |    70 ||   122
         Bite              |    11 |    20 ||    31
         Punch             |     1 |     1 ||     2
         Dagger            |    28 |     4 ||    32
   Stab: Sleeping          |     1 |       ||     1
 Armour: Animal skin       |    13 |       ||    13
         Scale mail        |    40 |    38 ||    78
  Dodge: Dodged            |    36 |    42 ||    78

Table legend: (Time is in decaauts)
 A = Elapsed time spent in this place.
 B = Non-inter-level travel time spent in this place.
 C = Inter-level travel time spent in this place.
 D = Time resting spent in this place.
 E = Time spent auto-exploring this place.
 F = Levels seen in this place.
 G = Mean time per level.
                   A        B        C        D        E       F      G
               +--------+--------+--------+--------+--------+-----+--------+
         Total |   1603 |   1499 |    104 |     89 |   1050 |   4 |  400.8 |
       Dungeon |   1603 |   1499 |    104 |     89 |   1050 |   4 |  400.8 |
               +--------+--------+--------+--------+--------+-----+--------+

Top non-repeatable levels by time:
     D:3: 620 daAuts
     D:1: 553 daAuts
     D:2: 406 daAuts
     D:4: 23 daAuts
